 Dungeon Crawl Stone Soup version 0.26-a0-682-g294304f6e8 (webtiles) character file.

Game seed: 1783776339573931727

3662 BeowulfAlex the Transmogrifier (level 10, -3/71 HPs)
             Began as an Octopode Transmuter on Oct 21, 2020.
             Was an Initiate of Gozag.
             Slain by Erica
             ... wielding a +1 scimitar of flaming
              (5 damage)
             ... on level 8 of the Dungeon.
             The game lasted 00:22:55 (9019 turns).

BeowulfAlex the Transmogrifier (OpTm)               Turns: 9019, Time: 00:22:56

Health: -3/71      AC:  1    Str: 11    XL:     10   Next: 12%
Magic:  11/14      EV: 13    Int: 18    God:    Gozag
Gold:   338        SH:  0    Dex: 12    Spells: 2/15 levels left

rFire    . . .     SeeInvis .     - Unarmed
rCold    . . .     Faith    .   (shield currently unavailable)
rNeg     . . .     Spirit   .   (helmet restricted)
rPois    .         Reflect  .   e - amulet of regeneration
rElec    .         Harm     .   n - ring of flight
rCorr    +         Rampage  .   m - ring of resist corrosion
MR       .....                  (no ring)
Stlth    ++........             (no ring)
HPRegen  0.61/turn              (no ring)
MPRegen  0.14/turn              (no ring)
                                (no ring)
                                (no ring)

@: about to teleport, blade tentacles (expiring), lightly drained
A: almost no armour, stealthy swim, amphibious, 8 rings, constrict 8, camouflage
1, screaming 1, gelatinous body 1, no potion heal 1
a: End Transformation, Potion Petition, Call Merchant, Bribe Branch, Renounce
Religion, Evoke Flight


You were on level 8 of the Dungeon.
You worshipped Gozag.
Gozag was aware of your devotion.
You had blades for tentacles.
You visited 2 branches of the dungeon, and saw 9 of its levels.

You collected 461 gold pieces.
You paid 123 gold pieces to Gozag.

Inventory:

Missiles
 c - 341 stones
 s - 10 boomerangs (quivered)
 v - 2 silver boomerangs
 A - a throwing net
Armour
 j - a +0 buckler
Jewellery
 e - an amulet of regeneration (around mantle)
 m - a ring of resist corrosion (right scythe-like blade)
 n - a ring of flight (left scythe-like blade)
Wands
 g - a wand of acid (12)
 l - a wand of digging (7)
 y - a wand of random effects (15)
Scrolls
 d - 2 scrolls of fog {unknown}
 f - 4 scrolls of remove curse
 h - 3 scrolls of enchant weapon
 i - 6 scrolls of teleportation
 p - a scroll of immolation {unknown}
 w - 2 scrolls of noise {unknown}
 B - 3 scrolls of magic mapping
 C - a scroll of enchant armour {unknown}
Potions
 b - 5 potions of curing
 k - a potion of stabbing {unknown}
 o - 2 potions of heal wounds {unknown}
 q - a potion of flight {unknown}
 r - a potion of cancellation {unknown}
 t - 5 potions of brilliance
 u - a potion of might {unknown}
 x - a potion of mutation {unknown}
 z - 2 potions of invisibility {unknown}
 D - a potion of magic {unknown}


   Skills:
 * Level 7.0(6.7) Fighting
 + Level 2.5(2.3) Dodging
 * Level 6.7(6.4) Unarmed Combat
 - Level 3.0(2.7) Spellcasting
 + Level 9.7(9.4) Transmutations
 - Level 4.0(3.7) Ice Magic
 - Level 1.0(0.7) Poison Magic


You had 2 spell levels left.
You knew the following spells:

 Your Spells              Type           Power        Failure   Level
a - Beastly Appendage     Tmut           #####.       11%         1
b - Spider Form           Tmut/Pois      ###.......   36%         3
c - Ice Form              Ice/Tmut       ####....     47%         4
d - Blade Hands           Tmut           #####.....   45%         5

Your spell library contained the following spells:

 Spells                   Type           Power        Failure   Level
 Wereblood                Tmut           #####...     12%         2


Dungeon Overview and Level Annotations

Branches:
Dungeon (8/15)             Temple (1/1) D:7
   Lair: D:8-11

Altars:
Ashenzari
Cheibriados
Dithmenos
Elyvilon
Fedhas
Gozag
Hepliaklqana
Kikubaaqudgha
Makhleb
Nemelex Xobeh
Okawaru
Qazlal
Ru
Sif Muna
Trog
Uskayaw
Vehumet
Wu Jian
Xom
Yredelemnul
Zin
The Shining One

Shops:
D:6 [

Annotations:
D:8 Erica, Grum


Innate Abilities, Weirdness & Mutations

You cannot wear most types of armour.
You are very stealthy in the water. (Stealth+)
You are amphibious.
You can wear up to eight rings at the same time.
You can use your tentacles to constrict eight enemies at once.
Your skin changes colour to match your surroundings (Stealth+).
Your rubbery body absorbs attacks. (AC +1, EV +1)
You occasionally shout uncontrollably at your foes.
Potions are less effective at restoring your health.


Message History

Something hits you.
* * * LOW HITPOINT WARNING * * *
Something burns you.
* * * LOW HITPOINT WARNING * * *
Your system partially rejects the healing.
You feel better.
The wolf is no longer distracted by gold.
The kobold throws a stone.
You slice something!! Something hits you.
* * * LOW HITPOINT WARNING * * *
Something burns you.
* * * LOW HITPOINT WARNING * * *
Okay, then.
Unknown command.
As you read the scroll of teleportation, it crumbles to dust.
You feel strangely unstable. Something hits you!
* * * LOW HITPOINT WARNING * * *
Something burns you.
You die...
Your body crumbles into a pile of gold.

.. #....### ....
#.###..#### ....##
#.#........ ......
#######..#######
......# #........#
....... #.########
....... #.#....#.
......Z###.#......#
......K{@.(#......#
......K#####..(.#.#
.....#. .....#.#
.:.. .. .....# # ##
... ... ..... #< ..
.... ###) ## #
..... ......


You could see 2 kobolds and a centaur skeleton.

Vanquished Creatures
  Joseph (D:7)
  Prince Ribbit (D:7)
  3 yaks (D:7)
  A wyvern (D:7)
  Menkaure (D:7)
  Duvessa (D:6)
  2 orc warriors
  A sky beast (D:7)
  3 ogres
  2 centaurs
  A big kobold (D:7)
  A bullfrog (D:7)
  Dowan (D:6)
  2 scorpions
  A killer bee (D:7)
  10 wights
  3 orc priests
  4 hounds
  Crazy Yiuf (D:5)
  A bullfrog skeleton (D:4)
  2 jellies (D:5)
  An iguana (D:4)
  5 orc wizards
  3 worker ants
  3 gnolls (D:6)
  13 adders
  2 shadow imps
  2 white imps
  2 ufetubi
  An ooze (D:2)
  An adder skeleton (D:4)
  3 worms
  2 dart slugs
  7 leopard geckos
  19 orcs
  4 giant cockroaches
  11 goblins
  6 hobgoblins
  7 jackals
  15 kobolds
  A quokka (D:2)
  2 ball pythons (D:4)
  4 bats
  5 frilled lizards
  A giant cockroach zombie (D:5)
  A quokka skeleton (D:5)
  6 rats
170 creatures vanquished.

Vanquished Creatures (others)
  2 fungi (D:8)
  16 plants
18 creatures vanquished.

Grand Total: 188 creatures vanquished

Notes
Turn   | Place    | Note
-------+----------+-------------------------------------------
     0 | D:1      | BeowulfAlex the Octopode Transmuter began the quest for the
                  | Orb.
     0 | D:1      | Reached XP level 1. HP: 13/13 MP: 3/3
    77 | D:1      | You fall into a shaft and drop 1 floor!
   109 | D:1      | Reached XP level 2. HP: 12/18 MP: 3/5
  1172 | D:2      | Reached skill level 3 in Transmutations
  1172 | D:2      | Reached XP level 3. HP: 24/24 MP: 4/6
  1300 | D:2      | Learned a level 3 spell: Spider Form
  1413 | D:2      | Reached XP level 4. HP: 20/29 MP: 7/7
  1587 | D:2      | Reached skill level 1 in Poison Magic
  2068 | D:2      | You fall into a shaft and drop 2 floors!
  2144 | D:4      | Reached skill level 4 in Transmutations
  2144 | D:4      | Reached XP level 5. HP: 17/35 MP: 6/8
  2150 | D:4      | Learned a level 4 spell: Ice Form
  2400 | D:2      | Found a blossoming altar of Fedhas.
  2674 | D:3      | Reached skill level 1 in Ice Magic
  2706 | D:3      | Reached XP level 6. HP: 31/42 MP: 6/9
  2908 | D:3      | Found a white marble altar of Elyvilon.
  3345 | D:4      | Reached skill level 5 in Transmutations
  3663 | D:4      | Reached XP level 7. HP: 30/46 MP: 7/10
  4326 | D:4      | Gained mutation: You occasionally shout uncontrollably at
                  | your foes. [mutagenic glow]
  4335 | D:4      | Gained mutation: Potions are less effective at restoring
                  | your health. [mutagenic glow]
  4759 | D:5      | Entered Level 5 of the Dungeon
  4807 | D:5      | Reached skill level 6 in Transmutations
  5099 | D:5      | Reached XP level 8. HP: 54/54 MP: 8/11
  5152 | D:5      | Found an opulent altar of Gozag.
  5154 | D:5      | Found a stormy altar of Qazlal.
  5154 | D:5      | Found a glowing silver altar of Zin.
  5156 | D:5      | Found a sacrificial altar of Ru.
  5156 | D:5      | Found a shimmering altar of Xom.
  5156 | D:5      | Found a hazy altar of Hepliaklqana.
  5614 | D:5      | Found a runed translucent door.
  5615 | D:5      | Noticed Crazy Yiuf
  5622 | D:5      | Killed Crazy Yiuf
  5622 | D:5      | Reached skill level 7 in Transmutations
  6325 | D:6      | Noticed Duvessa
  6361 | D:6      | Noticed Dowan
  6376 | D:6      | Killed Duvessa
  6381 | D:6      | Killed Dowan
  6381 | D:6      | Reached skill level 5 in Fighting
  6634 | D:6      | Found a glowing golden altar of the Shining One.
  6636 | D:6      | Noticed an angel
  6645 | D:6      | Found a basalt altar of Yredelemnul.
  6850 | D:6      | Found Retieck's Armour Shop.
  7395 | D:7      | Noticed Joseph
  7565 | D:7      | Killed Joseph
  7565 | D:7      | Reached skill level 5 in Unarmed Combat
  7565 | D:7      | Reached skill level 8 in Transmutations
  7565 | D:7      | Reached XP level 9. HP: 19/61 MP: 8/12
  7768 | D:7      | HP: 2/73 [orc warrior/+0 war axe (9)]
  7915 | D:7      | Noticed Prince Ribbit
  7925 | D:7      | Killed Prince Ribbit
  7965 | D:7      | Learned a level 5 spell: Blade Hands
  7997 | D:7      | Found a bloodstained altar of Trog.
  8008 | D:7      | Found a staircase to the Ecumenical Temple.
  8017 | Temple   | Entered the Ecumenical Temple
  8220 | D:7      | Reached skill level 9 in Transmutations
  8631 | D:7      | Found a snail-covered altar of Cheibriados.
  8633 | D:7      | Found an opulent altar of Gozag.
  8633 | D:7      | Found a sacrificial altar of Ru.
  8635 | D:7      | Found a blossoming altar of Fedhas.
  8635 | D:7      | Found a hazy altar of Hepliaklqana.
  8656 | D:7      | Reached XP level 10. HP: 45/69 MP: 11/14
  8728 | D:7      | Found an iron altar of Okawaru.
  8728 | D:7      | Found a shimmering altar of Xom.
  8729 | D:7      | Found a shadowy altar of Dithmenos.
  8732 | D:7      | Became a worshipper of Gozag Ym Sagoz the Greedy
  8771 | D:7      | Noticed Menkaure
  8783 | D:7      | Killed Menkaure
  9000 | D:8      | Noticed Erica
  9016 | D:8      | Noticed Grum
  9019 | D:8      | HP: 2/71 [something (13)]
  9019 | D:8      | Slain by Erica

Illustrated notes

Levels and vault maps discovered:
D:1:      lemuel_arrival_room, layout_loops_ring, nrook_mini_vaults
D:2:      layout_loops_ring, fedhas_altar_4
D:3:      layout_rooms, minmay_misc_feat_more_columns, elyvilon_altar_5
D:4:      layout_loops_corners
D:5:      layout_basic, doesnt_xom_only_xom, uniq_crazy_yiuf_cottage
D:6:      layout_layer_cave, grunt_temple_overflow_holy_war, serial_shops, shop,
          uniq_duvessa
D:7:      minmay_inner_zag, layout_rooms, grunt_temple_overflow_open,
          minmay_temple_entry_overgrown, bloody_trog, uniq_menkaure,
          uniq_prince_ribbit1, uniq_joseph
D:8:      layout_basic, minmay_lair_entry_grove, serial_co_window_serial,
          co_window_paths_a, co_window_corner_a, co_window_cross_1,
          co_window_corner_a, co_window_corner_a, co_window_corner_a,
          co_window_corner_cb, co_window_paths_c, co_window_2corner,
          co_window_broadway_b, glass_columns_a, glass_columns_a, special_room
          [special_room_orc], minivault_25, uniq_grum, uniq_erica
Temple:   minmay_temple_bridge_abc

Skill      XL: |  1  2  3  4  5  6  7  8  9 10 |
---------------+-------------------------------+-----
Transmutations | 3 4 5 6 8 9 |  9.7
Fighting       | 2 3 4 5 6 7 |  7.0
Poison Magic   | 1 |  1.0
Ice Magic      | 1 2 4 |  4.0
Unarmed Combat | 5 6 |  6.7
Spellcasting   | 3 |  3.0
Dodging        | |  2.5

Action                   |  1- 3 |  4- 6 |  7- 9 | 10-12 || total
-------------------------+-------+-------+-------+-------++-------
Melee: Unarmed           |    55 |   141 |   293 |    42 ||   531
       Constrict         |    19 |    19 |    10 |       ||    48
       Tentacles         |     7 |     8 |    14 |     1 ||    30
       Kick              |    17 |    20 |    13 |       ||    50
       Punch             |     1 |       |     2 |       ||     3
Throw: Stone             |       |     2 |       |       ||     2
       Boomerang         |       |       |     2 |       ||     2
 Cast: Beastly Appendage |    18 |    22 |    10 |       ||    50
       Spider Form       |       |     7 |     6 |       ||    13
       Ice Form          |       |     3 |    26 |     2 ||    31
       Blade Hands       |       |       |       |     2 ||     2
  Use: Scroll            |       |       |     7 |     2 ||     9
       Potion            |       |       |       |     1 ||     1
 Stab: Sleeping          |     3 |     9 |     1 |       ||    13
Armor: Skin              |     4 |    11 |    37 |     9 ||    61
Dodge: Dodged            |    23 |    92 |   128 |    20 ||   263

Table legend: (Time is in decaauts)
 A = Elapsed time spent in this place.
 B = Non-inter-level travel time spent in this place.
 C = Inter-level travel time spent in this place.
 D = Time resting spent in this place.
 E = Time spent auto-exploring this place.
 F = Levels seen in this place.
 G = Mean time per level.
                   A        B        C        D        E       F      G
               +--------+--------+--------+--------+--------+-----+--------+
         Total |   8993 |   8418 |    575 |    438 |   6347 |   9 |  999.2 |
       Dungeon |   8859 |   8298 |    561 |    438 |   6238 |   8 | 1107.4 |
        Temple |    133 |    119 |     14 |      0 |    109 |   1 |  133.0 |
               +--------+--------+--------+--------+--------+-----+--------+

Top non-repeatable levels by time:
     D:4: 1608 daAuts
     D:6: 1527 daAuts
     D:2: 1315 daAuts
     D:5: 1255 daAuts
     D:7: 1229 daAuts
     D:1: 1122 daAuts
     D:3: 714 daAuts
  Temple: 133 daAuts
     D:8: 88 daAuts
